 Dungeon Crawl Stone Soup version 0.31-a0-977-gc230f8ef24 (webtiles) character file.

Game seed: 1519599320962851932

152 Danienth the Gusty (level 5, -4/30 HPs)
             Began as a Tengu Air Elementalist on Oct 29, 2023.
             Slain by a gnoll
             ... wielding a +0 halberd
             ... led by a gnoll bouda
              (12 damage)
             ... on level 3 of the Dungeon.
             The game lasted 00:08:10 (2569 turns).

Danienth the Gusty (Tengu Air Elementalist)         Turns: 2569, Time: 00:08:11

Health: -4/30      AC:  2    Str:  8    XL:     5   Next: 34%
Magic:  2/9        EV: 12    Int: 17    God:
Gold:   81         SH:  4    Dex: 15    Spells: 7/8 levels left

rFire   + . .        o - +2 hand axe (flame)
rCold   . . .        l - +0 buckler
rNeg    . . .        a - +0 robe
rPois   .            (helmet restricted)
rElec   .            (no cloak)
rCorr   .            (no gloves)
SInv    .            (boots unavailable)
Will    .....        (no amulet)
Stlth   ++           h - ring of protection from fire
HPRegen 0.25/turn    (no ring)
MPRegen 0.11/turn

%: acrobat
@: very slightly contaminated
A: beak, talons 3, acrobatic
a: no special abilities


You were on level 3 of the Dungeon.
You visited 1 branch of the dungeon, and saw 3 of its levels.

You collected 81 gold pieces.

Inventory:

Hand Weapons
 o - a +2 hand axe of flaming (weapon)
Missiles
 b - 24 stones
 i - 3 boomerangs
Armour
 a - a +0 robe (worn)
 k - an orb of mayhem
 l - a +0 buckler (worn)
Jewellery
 h - a ring of protection from fire (left hand)
Talismans
 j - a serpent talisman
Scrolls
 n - a scroll of acquirement {unknown}
 q - a scroll of teleportation {unknown}
 r - a scroll of silence {unknown}
 s - a scroll of enchant weapon {unknown}
 t - a scroll of noise {unknown}
Potions
 c - 2 potions of attraction {unknown}
 d - 2 potions of curing {unknown}
 e - a potion of heal wounds {unknown}
 f - a potion of brilliance {unknown}
 g - 2 potions of haste {unknown}
 m - a potion of might {unknown}
 p - a potion of magic


   Skills:
 * Level 2.1 Fighting
 * Level 2.0 Axes
 - Level 1.0 Throwing
 - Level 2.5 Dodging
 - Level 2.2 Stealth
 - Level 0.3 Shields
 - Level 2.4 Spellcasting
 - Level 2.6 Conjurations
 - Level 4.7 Air Magic


You had 7 spell levels left.
You knew the following spells:

 Your Spells              Type           Power      Damage    Failure   Level
a - Shock                 Conj/Air       56%        1d6       7%          1

Your spell library contained the following spells:

 Spells                   Type           Power      Damage    Failure   Level
 Static Discharge         Conj/Air       28%        3-5/arc   10%         2
 Swiftness                Air            18%        N/A       13%         3
 Airstrike                Air            9%         2d(2-18)  38%         4
 Lesser Beckoning         Tloc           4%         N/A       41%         2
 Gell's Gravitas          Tloc           2%         N/A       65%         3
 Teleport Other           Tloc           2%         N/A       65%         3


Dungeon Overview and Level Annotations

Branches:
Dungeon (3/15)

Altars:


Innate Abilities, Weirdness & Mutations

You have a beak for a mouth.
You have claws for feet.
You can magically evade attacks while moving or waiting.


Message History

Nothing appears to happen.
You block the gnoll bouda's attack. The gnoll closely misses you.
Casting: Shock (safe; 7% risk of failure)
Confirm with . or Enter, or press ? or * to list all spells.
Aiming: Shock (safe; 7% risk of failure)
Press: ? - help, Shift-Dir - straight line, f/p - gnoll bouda
Aim: a gnoll bouda, wielding a +0 club and wearing a +0 robe (severely wounded, 75% to hit)
The zap hits the gnoll bouda.
The gnoll bouda is almost dead.
The zap hits the gnoll.
The gnoll is severely wounded.
You block the gnoll bouda's attack. The gnoll closely misses you.
You hit the gnoll bouda but do no damage.
The gnoll bouda is almost dead.
The gnoll is no longer moving quickly.
The gnoll bouda calls upon its god to heal the gnoll.
The gnoll is healed somewhat.
The gnoll closely misses you.
The gnoll bouda barks out a call to the hunt!
The gnoll picks up the pace!
You closely miss the gnoll bouda. Your kick misses the gnoll bouda.
You peck the gnoll bouda, but do no damage.
The gnoll bouda is almost dead.
The gnoll hits you from afar with a +0 halberd!
* * * LOW HITPOINT WARNING * * *
The gnoll bouda calls upon its god to heal the gnoll.
The gnoll's wounds heal themselves!
A gnoll comes into view. It is wielding a +0 flail.
You are too injured to fight recklessly!
Casting: Shock (safe; 7% risk of failure)
Confirm with . or Enter, or press ? or * to list all spells.
Aiming: Shock (safe; 7% risk of failure)
Press: ? - help, Shift-Dir - straight line, f/p - gnoll bouda
Aim: a gnoll bouda, wielding a +0 club and wearing a +0 robe (almost dead, 75% to hit)
The zap hits the gnoll bouda.
You kill the gnoll bouda!
The zap hits the gnoll.
The gnoll is moderately wounded.
The gnoll is no longer moving quickly.
The gnoll hits you from afar with a +0 halberd!
You die...

#.#
#.###..
#..##.#
##.##.g
#.##>#
#.##.#
#.##g#
#.##)#
#.##@#
#.##.#
#.##.#
#....#
######


You could see 2 gnolls.

Vanquished Creatures
  2 orc priests (D:3)
  A gnoll bouda (D:3)
  An adder (D:3)
  A gnoll (D:3)
  2 worms (D:2)
  A dart slug (D:2)
  An orc (D:3)
  6 endoplasms
  2 giant cockroaches
  4 hobgoblins
  3 jackals (D:2)
  9 kobolds
  2 quokkas (D:1)
  4 ball pythons
  8 bats
  4 frilled lizards
  4 goblins
  6 rats
61 creatures vanquished.

Notes
Turn   | Place    | Note
-------+----------+-------------------------------------------
     0 | D:1      | Danienth the Tengu Air Elementalist began the quest for the
                  | Orb.
     0 | D:1      | Reached XP level 1. HP: 10/10 MP: 4/4
   275 | D:1      | Reached XP level 2. HP: 15/15 MP: 3/6
   817 | D:1      | Reached XP level 3. HP: 19/19 MP: 5/7
  1958 | D:2      | Reached XP level 4. HP: 24/24 MP: 6/8
  2258 | D:3      | Reached skill level 1 in Throwing
  2409 | D:3      | Reached skill level 1 in Fighting
  2415 | D:3      | HP: 1/25 [orc priest/nerve-wracking pain (12)]
  2416 | D:3      | Reached skill level 1 in Axes
  2419 | D:3      | Reached XP level 5. HP: 2/30 MP: 1/9
  2569 | D:3      | Slain by a gnoll

Illustrated notes

Levels and vault maps discovered:
D:1:      lightli_arrival_statue_moat, layout_basic
D:2:      layout_loops_ring
D:3:      layout_loops_ring, mainiacjoe_overflow_catch_the_wave,
          shapermc_ecumenical_altar_mp_highgroup, minmay_distorted

Skill      XL: |  1  2  3  4  5 |
---------------+----------------+-----
Conjurations   | 2 |  2.6
Throwing       | 1 |  1.0
Fighting       | 2 |  2.1
Axes           | 1 2 |  2.0
Dodging        | |  2.5
Stealth        | |  2.2
Shields        | |  0.3
Spellcasting   | |  2.4
Air Magic      | |  4.7

Action                     |  1- 3 |  4- 6 || total
---------------------------+-------+-------++-------
  Melee: Hand axe          |       |    32 ||    32
         Kick              |       |     7 ||     7
         Peck              |       |     4 ||     4
   Cast: Shock             |    95 |    14 ||   109
    Use: Potion            |     1 |       ||     1
   Stab: Sleeping          |       |     1 ||     1
 Armour: Robe              |    15 |    20 ||    35
  Dodge: Dodged            |    24 |    13 ||    37
  Block: Buckler           |       |    11 ||    11

Table legend: (Time is in decaauts)
 A = Elapsed time spent in this place.
 B = Non-inter-level travel time spent in this place.
 C = Inter-level travel time spent in this place.
 D = Time resting spent in this place.
 E = Time spent auto-exploring this place.
 F = Levels seen in this place.
 G = Mean time per level.
                   A        B        C        D        E       F      G
               +--------+--------+--------+--------+--------+-----+--------+
         Total |   2578 |   2477 |    101 |    169 |   1972 |   3 |  859.3 |
       Dungeon |   2578 |   2477 |    101 |    169 |   1972 |   3 |  859.3 |
               +--------+--------+--------+--------+--------+-----+--------+

Top non-repeatable levels by time:
     D:1: 1330 daAuts
     D:2: 901 daAuts
     D:3: 347 daAuts
